 Dungeon Crawl Stone Soup version 0.27-a0-1342-ga99462a43c (webtiles) character file.

Game seed: 1722971213865296723

2346 27snakeeyes612 the Fighter (level 9, -12/79 (86) HPs)
             Began as a Hill Orc Fighter on June 27, 2021.
             Mangled by an ogre (26 damage)
             ... on level 5 of the Dungeon.
             The game lasted 00:06:24 (7747 turns).

27snakeeyes612 the Fighter (Hill Orc Fighter)       Turns: 7747, Time: 00:06:24

HP:   -12/79 (86)   AC: 15    Str: 22    XL:     9   Next: 43%
MP:   9/9           EV:  5    Int:  8    God:
Gold: 129           SH: 11    Dex: 10    Spells: 8/8 levels left

rFire    . . .     SeeInvis .   n - +1 broad axe
rCold    + . .     Faith    .   c - +0 kite shield
rNeg     + . .     Spirit   .   l - +2 plate armour {rC+}
rPois    .         Reflect  .   (no helmet)
rElec    .         Harm     .   (no cloak)
rCorr    .         Rampage  .   (no gloves)
Will     .....                  (no boots)
Stlth    ..........             (no amulet)
HPRegen  0.23/turn              e - +4 ring of slaying
MPRegen  0.11/turn              s - ring of positive energy

@: studying Fighting, drained
A: no striking features
a: no special abilities


You were on level 5 of the Dungeon.
You visited 1 branch of the dungeon, and saw 7 of its levels.
You also visited: Sewer.

You collected 320 gold pieces.
You spent 191 gold pieces at shops.

Inventory:

Hand Weapons
 a - a +0 war axe
 n - a +1 broad axe (weapon)
Missiles
 d - a throwing net
 j - a curare-tipped dart (quivered)
Armour
 b - a +0 scale mail
 c - a +0 kite shield (worn)
 k - a +0 chain mail
 l - a +2 plate armour of cold resistance (worn)
Jewellery
 e - a +4 ring of slaying (left hand)
 q - a ring of fire
 s - a ring of positive energy (right hand)
Wands
 f - a wand of flame (32)
Scrolls
 g - a scroll of noise {unknown}
 i - 2 scrolls of summoning
 o - 4 scrolls of identify
Potions
 h - a potion of experience
 m - 5 potions of flight
 p - a potion of attraction {unknown}


   Skills:
 + Level 10.7 Fighting
 + Level 8.4 Axes
 + Level 7.5 Armour
 + Level 7.5 Shields


You had 8 spell levels left.
You didn't know any spells.
Your spell library was empty.

Dungeon Overview and Level Annotations

Branches:
Dungeon (7/15)              Sewer (visited)
 Temple: D:4-7

Altars:
Kikubaaqudgha
Vehumet
Wu Jian
Zin

Shops:
D:4 [*[*(


Message History

There is a stone staircase leading down here.
You are too injured to fight recklessly!
You are too injured to fight recklessly!
You are too injured to fight recklessly!
You are too injured to fight recklessly!
You are too injured to fight recklessly!
You are too injured to fight recklessly!
You slice the shadow imp!!
You kill the shadow imp!
You start resting.
HP restored.
There is a stone staircase leading down here.
You climb downwards.
The wight hits you with a +3 flail. You block the wight's attack.
The wight hits you with a +3 flail! You block the ogre's attack.
There is a stone staircase leading up, spattered with blood here.
The wight hits you with a +5 great sword!
You partially resist.
You feel drained. The wight hits you but does no damage.
You climb upwards.
There is a stone staircase leading down here.
Okay, then.
You barely miss the ogre. You closely miss the wight. x2
The ogre barely misses you.
The wight hits you with a +5 great sword.
You partially resist.
You feel drained. The wight hits you with a +3 flail. You partially resist.
You feel drained. You block the wight's attack.
You slice the ogre!!
The ogre is almost dead.
You slash the wight! You completely miss the wight.
The ogre hits you with a +0 giant club! The wight hits you with a +3 flail!
* * * LOW HITPOINT WARNING * * *
The wight hits you but does no damage. The wight hits you with a +3 flail!
* * * LOW HITPOINT WARNING * * *
You partially resist.
You feel drained.
* * * LOW HITPOINT WARNING * * *
The wight hits you with a +5 great sword.
* * * LOW HITPOINT WARNING * * *
You partially resist.
You feel drained.
The ogre hits you with a +0 giant club!!
You die...

##.....#.............#....
#....##............##....
#...##...................
#............)......#.... ###
####.........##..###..#..... ..#
##..##.........#...##.###.... ..#
#...#..........##......#..... .##
#....................###..... ..#
##..........@....#..#.#..#...
..###..###.....Ozz..###......#...
..##...##............###....###.#
.###..##............###.....(#..#
##...###.#..........)##.#...##.##
###...##.###............#...#....
..##.....#.......................
#.............................#..
#.......#.....................##.


You could see an ogre and 2 wights.

Vanquished Creatures
  Grinder (D:6)
  Sigmund (D:4)
  A wyvern (D:6)
  Edmund (D:5)
  A water moccasin (D:5)
  An orc warrior (D:7)
  A sky beast (D:6)
  A centaur (D:7)
  A necrophage (D:4)
  2 ogres
  A kobold brigand (Sewer)
  A bullfrog (D:6)
  4 scorpions
  A wyvern skeleton (D:6)
  A howler monkey (D:4)
  A bullfrog zombie (D:5)
  A centaur zombie (D:7)
  2 orc priests
  A hound (D:5)
  A jelly (D:5)
  A centaur skeleton (D:4)
  4 iguanas
  An orc wizard (D:7)
  A hound skeleton (D:4)
  Robin (D:4)
  3 gnolls (D:4)
  8 adders
  3 river rats
  A shadow imp (D:5)
  2 white imps (D:6)
  An adder zombie (D:5)
  7 worms
  3 dart slugs
  6 orcs
  4 ball pythons
  8 endoplasms
  2 giant cockroaches
  15 goblins
  6 hobgoblins
  10 jackals
  9 kobolds
  3 quokkas
  8 bats
  9 frilled lizards
  9 rats
150 creatures vanquished.

Notes
Turn   | Place    | Note
-------+----------+-------------------------------------------
     0 | D:1      | 27snakeeyes612 the Hill Orc Fighter began the quest for the
                  | Orb.
     0 | D:1      | Reached XP level 1. HP: 19/19 MP: 1/1
   172 | D:1      | Reached XP level 2. HP: 24/27 MP: 2/2
   598 | D:1      | Found a faded altar of an unknown god.
   676 | D:1      | Reached skill level 4 in Fighting
   835 | D:1      | Reached XP level 3. HP: 28/33 MP: 3/3
  1563 | D:2      | Reached XP level 4. HP: 12/40 MP: 4/4
  2523 | D:3      | Identified 2 scrolls of acquirement
  2523 | D:3      | Acquired a +2 plate armour of cold resistance
  2527 | D:2      | Acquired a manual of Fighting
  2867 | D:3      | Reached XP level 5. HP: 46/47 MP: 5/5
  3100 | D:3      | Found a glowing silver altar of Zin.
  3247 | D:4      | Reached skill level 5 in Fighting
  3577 | D:4      | Found Tyadua's Antique Armour Boutique.
  3613 | D:4      | You fall into a shaft and drop 2 floors!
  3614 | D:6      | Found a glowing drain.
  3628 | D:6      | Noticed an orc warrior
  3642 | D:7      | Noticed a centaur
  3650 | D:7      | Killed a centaur
  3651 | D:7      | Reached XP level 6. HP: 13/57 MP: 6/6
  3652 | D:7      | Reached skill level 6 in Fighting
  3893 | D:7      | Killed an orc warrior
  3894 | D:7      | Reached skill level 5 in Axes
  3894 | D:7      | Reached skill level 5 in Armour
  3894 | D:7      | Reached skill level 5 in Shields
  3894 | D:7      | Reached XP level 7. HP: 15/64 MP: 7/7
  4169 | Sewer    | Entered a sewer
  4348 | Sewer    | Reached skill level 7 in Fighting
  4397 | Sewer    | Found a white marble altar of Elyvilon.
  4569 | D:5      | Entered Level 5 of the Dungeon
  4677 | D:5      | Reached XP level 8. HP: 69/74 MP: 8/8
  4711 | D:5      | Reached skill level 8 in Fighting
  4719 | D:5      | Found an ornate altar of the Wu Jian Council.
  4880 | D:4      | Noticed Robin
  4894 | D:4      | Killed Robin
  5052 | D:4      | Found Aczikipu's Antique Armour Shoppe.
  5362 | D:4      | Noticed Sigmund
  5400 | D:4      | Killed Sigmund
  5401 | D:4      | Reached skill level 9 in Fighting
  5750 | D:4      | Found Zisi's Assorted Antiques.
  5972 | D:4      | Bought a broad axe for 116 gold pieces
  5999 | D:4      | Found Gaottama's Antique Weapon Emporium.
  6139 | D:4      | Found an ancient bone altar of Kikubaaqudgha.
  6139 | D:4      | Found a radiant altar of Vehumet.
  6342 | D:4      | Found Xuziuw's General Store.
  6348 | D:4      | Bought a scroll of enchant weapon for 75 gold pieces
  6510 | D:5      | Noticed Edmund
  6528 | D:5      | Killed Edmund
  6529 | D:5      | Reached XP level 9. HP: 62/85 MP: 9/9
  6651 | D:5      | Reached skill level 10 in Fighting
  7248 | D:6      | Noticed Grinder
  7255 | D:6      | Paralysed by Grinder for 4 turns
  7273 | D:6      | Killed Grinder
  7747 | D:5      | Mangled by an ogre

Illustrated notes

Levels and vault maps discovered:
D:1:      dpeg_arrival_simpleton_c, layout_loops_corners,
          shapermc_ecumenical_altar_mp_ritualfount, minmay_tetromino_t2
D:2:      layout_basic
D:3:      layout_loops_ring, general_overflow_altar
D:4:      layout_loops_corners, amethyst_overflow_temple_binary, serial_shops,
          nicolae_diamond_shop, nicolae_shop_window_shopping,
          nicolae_shop_behind_doors, nicolae_shop_waterfront,
          nicolae_square_shop, uniq_sigmund, uniq_robin
D:5:      layout_cave_pools, nicolae_wu_jian_wuxing_cycle, uniq_edmund
D:6:      layout_basic, grunt_temple_overflow_diamond,
          cheibrodos_sewer_entry_sluice, grunt_potential, uniq_grinder
D:7:      layout_loops_corners, minmay_temple_entry_drinking_statues

Skill      XL: |  1  2  3  4  5  6  7  8  9 |
---------------+----------------------------+-----
Axes           | 3 4 5 6 7 8 |  8.4
Fighting       | 4 5 6 7 9 10 | 10.7
Shields        | 4 5 7 |  7.5
Armour         | 4 5 7 |  7.5

Action                   |  1- 3 |  4- 6 |  7- 9 || total
-------------------------+-------+-------+-------++-------
Melee: War axe           |   138 |   176 |   163 ||   477
       Broad axe         |       |       |    87 ||    87
Throw: Dart              |       |       |     1 ||     1
  Use: Scroll            |       |     8 |     3 ||    11
       Potion            |       |     2 |     4 ||     6
Armor: Scale mail        |    47 |       |       ||    47
       Chain mail        |    27 |    11 |       ||    38
       Plate armour      |       |   142 |   208 ||   350
Dodge: Dodged            |    27 |    29 |    57 ||   113
Block: Kite shield       |    74 |   135 |   161 ||   370

Table legend: (Time is in decaauts)
 A = Elapsed time spent in this place.
 B = Non-inter-level travel time spent in this place.
 C = Inter-level travel time spent in this place.
 D = Time resting spent in this place.
 E = Time spent auto-exploring this place.
 F = Levels seen in this place.
 G = Mean time per level.
                   A        B        C        D        E       F      G
               +--------+--------+--------+--------+--------+-----+--------+
         Total |   8041 |   7849 |    192 |    751 |   5755 |   8 | 1005.1 |
       Dungeon |   7725 |   7533 |    192 |    751 |   5512 |   7 | 1103.6 |
         Sewer |    316 |    316 |      0 |      0 |    243 |   1 |  316.0 |
               +--------+--------+--------+--------+--------+-----+--------+

Top non-repeatable levels by time:
     D:4: 2053 daAuts
     D:2: 1373 daAuts
     D:1: 1259 daAuts
     D:5: 1196 daAuts
     D:3: 678 daAuts
     D:6: 661 daAuts
     D:7: 502 daAuts
   Sewer: 316 daAuts
